 Dungeon Crawl Stone Soup version 0.28-a0-1510-gd0f6b136d3 (webtiles) character file.

Game seed: 15723284319644691634

1113 vineage the Fighter (level 8, -4/74 HPs)
             Began as a Minotaur Fighter on Jan 14, 2022.
             Slain by a troll (15 damage)
             ... on level 4 of the Dungeon.
             The game lasted 00:04:53 (6762 turns).

vineage the Fighter (Minotaur Fighter)              Turns: 6762, Time: 00:04:54

Health: -4/74      AC:  8    Str: 23    XL:     8   Next: 12%
Magic:  7/7        EV:  9    Int:  5    God:
Gold:   227        SH:  4    Dex: 10    Spells: 7/7 levels left

rFire   . . .      SeeInvis .   g - +2 whip (freeze)
rCold   . . .      Faith    .   c - +0 buckler
rNeg    . . .      Spirit   .   b - +0 scale mail
rPois   .          Reflect  .   (helmet restricted)
rElec   .          Harm     .   (no cloak)
rCorr   .          Rampage  .   d - +0 pair of gloves
Will    +....                   (no boots)
Stlth   ..........              (no amulet)
HPRegen 0.22/turn               (no ring)
MPRegen 0.10/turn               (no ring)

@: no status effects
A: horns 2, retaliatory headbutt, frail 1, strong-willed 1
a: no special abilities


You were on level 4 of the Dungeon.
You visited 1 branch of the dungeon, and saw 5 of its levels.

You collected 227 gold pieces.

Inventory:

Hand Weapons
 a - a +1 war axe
 g - a +2 whip of freezing (weapon)
Armour
 b - a +0 scale mail (worn)
 c - a +0 buckler (worn)
 d - a +0 pair of gloves (worn)
Jewellery
 j - a ring of ice
 n - a +4 ring of protection
Wands
 m - a wand of iceblast (11)
Scrolls
 k - a scroll of blinking {unknown}
 p - a scroll of identify
 q - a scroll of vulnerability {unknown}
 r - a scroll of amnesia {unknown}
Potions
 e - 2 potions of curing
 f - a potion of flight {unknown}
 h - a potion of brilliance
 i - 2 potions of magic {unknown}
 l - a potion of ambrosia {unknown}
 o - 2 potions of haste


   Skills:
 + Level 11.9 Fighting
 - Level 2.4 Axes
 - Level 3.6 Armour
 - Level 3.6 Shields


You had 7 spell levels left.
You didn't know any spells.
Your spell library contained the following spells:

 Spells                   Type           Power      Damage    Failure   Level
 Animate Skeleton         Necr           0%         N/A       86%         1
 Apportation              Tloc           0%         N/A       86%         1
 Summon Small Mammal      Summ           0%         N/A       86%         1
 Dazzling Flash           Conj/Hex       0%         N/A       99%         3
 Agony                    Necr           0%         N/A       100%        5
 Silence                  Hex/Air        0%         N/A       100%        5


Dungeon Overview and Level Annotations

Branches:
Dungeon (5/15)
 Temple: D:4-7

Altars:
Ashenzari
Dithmenos
Kikubaaqudgha
Makhleb
Trog
Vehumet

Shops:
D:2 ((


Innate Abilities, Weirdness & Mutations

You have a pair of horns on your head.
You reflexively headbutt those who attack you in melee.
You are frail. (-10% HP)
You are strong-willed. (Will+)


Message History

Found a stone staircase leading up.
There is an open door here.
You open the door.
A troll comes into view.
The troll shouts!
There is an open door here.
A troll is nearby!
You hit the troll. You freeze the troll.
The troll is moderately wounded.
The troll bites you! The troll claws you. You block the troll's attack.
You hit the troll. You freeze the troll.
The troll is moderately wounded.
The troll bites you but does no damage. You block the troll's attack.
The troll claws you!
You hit the troll but do no damage.
The troll is moderately wounded.
The troll bites you! The troll claws you! The troll claws you.
You are too injured to fight recklessly!
You are too injured to fight recklessly!
You are too injured to fight recklessly!
You are too injured to fight recklessly!
You are too injured to fight recklessly!
You are too injured to fight recklessly!
You are too injured to fight recklessly!
You are too injured to fight recklessly!
You are too injured to fight recklessly!
You are too injured to fight recklessly!
You are too injured to fight recklessly!
There is an open door here.
A hound zombie comes into view.
There is a stone staircase leading up here.
The troll bites you. You block the troll's attack. The troll claws you!
* * * LOW HITPOINT WARNING * * *
You climb upwards.
There is a stone staircase leading down here.
As you read the scroll labelled LYUHAE GOHU, it crumbles to dust.
It is a scroll of identify.
o - 2 potions of haste The troll bites you!
You die...

#..# ##.# ##.######..###...#...
#..# #..# #..# ##...####.....
#..####.## #.## #.....# ##....
....#...# ##.# ##.....## #....
#####.### ##..# #.......####... #
#.# ###..## ##.##.##..###... #.#
#....## ##.###.###...#...
###.#######.###..# #.####......
#≈...≈### #...@T####..# ##.....
#≈...≈#.# ##.....^#...####.....
###≈...≈#.###...........##......#
..#≈...≈#..#......###......##...#
..#≈...≈#.........#####..#####...
###≈...≈#...###...<.....## ##.. #
#≈...≈#..#####........## #..#
###≈...≈#..........###...# #..#
..###.###...........##...## ##.##


You could see a troll.

Vanquished Creatures
  Pikel (D:4)
  Sigmund (D:3)
  Edmund (D:5)
  2 lemures (D:4)
  Blork the orc (D:4)
  A water moccasin skeleton (D:4)
  A hound (D:4)
  A centaur skeleton (D:5)
  Natasha (thrice) (D:4)
  3 gnolls (D:5)
  5 adders
  A howler monkey skeleton (D:4)
  A white imp (D:5)
  A worm (D:2)
  A dart slug (D:3)
  2 orcs
  5 bats
  A bat zombie (D:4)
  4 endoplasms
  2 giant cockroaches
  7 goblins
  8 hobgoblins
  8 jackals
  4 kobolds
  4 quokkas
  6 ball pythons
  3 frilled lizards
  A quokka skeleton (D:4)
  4 rats
83 creatures vanquished.

Vanquished Creatures (others)
  A frilled lizard (D:1)
1 creature vanquished.

Grand Total: 84 creatures vanquished

Notes
Turn   | Place    | Note
-------+----------+-------------------------------------------
     0 | D:1      | vineage the Minotaur Fighter began the quest for the Orb.
     0 | D:1      | Reached XP level 1. HP: 19/19 MP: 0/0
    74 | D:1      | Reached skill level 4 in Fighting
   119 | D:1      | Reached XP level 2. HP: 26/28 MP: 1/1
   475 | D:1      | Found a faded altar of an unknown god.
   710 | D:1      | Reached skill level 5 in Fighting
  1148 | D:1      | Reached XP level 3. HP: 25/36 MP: 2/2
  2134 | D:2      | Found Ugi Div's Weapon Shop.
  2161 | D:2      | Found a radiant altar of Vehumet.
  2618 | D:2      | Found Quxup's Weapon Shop.
  3020 | D:3      | Found a shadowy altar of Dithmenos.
  3021 | D:3      | Noticed Sigmund
  3026 | D:3      | Killed Sigmund
  3027 | D:3      | Reached skill level 7 in Fighting
  3027 | D:3      | Reached XP level 4. HP: 10/47 MP: 3/3
  3027 | D:3      | Reached XP level 5. HP: 11/52 MP: 4/4
  3321 | D:3      | Found a broken altar of Ashenzari.
  3905 | D:4      | Noticed Blork the orc
  3919 | D:4      | Killed Blork the orc
  3920 | D:4      | Reached skill level 8 in Fighting
  3920 | D:4      | Reached XP level 6. HP: 27/62 MP: 5/5
  4474 | D:4      | Found a bloodstained altar of Trog.
  4573 | D:4      | Noticed Natasha
  4579 | D:4      | Killed Natasha
  4580 | D:4      | Reached skill level 9 in Fighting
  4868 | D:4      | Found an ancient bone altar of Kikubaaqudgha.
  5113 | D:4      | Found a burning altar of Makhleb.
  5134 | D:4      | Noticed Natasha
  5136 | D:4      | Killed Natasha
  5268 | D:5      | Entered Level 5 of the Dungeon
  5463 | D:5      | Noticed Pikel
  5610 | D:4      | Noticed Natasha
  6011 | D:4      | Killed Natasha
  6036 | D:4      | Gained mutation: You are dopey. (Int -2) [potion of
                  | mutation]
  6042 | D:4      | Killed Pikel
  6043 | D:4      | Reached skill level 11 in Fighting
  6043 | D:4      | Reached XP level 7. HP: 9/74 MP: 6/6
  6103 | D:4      | Lost mutation: You are dopey. (Int -2) [potion of mutation]
  6103 | D:4      | Gained mutation: You are strong-willed. (Will+) [potion of
                  | mutation]
  6103 | D:4      | Gained mutation: You are frail. (-10% HP) [potion of
                  | mutation]
  6485 | D:5      | Identified the +0 leather armour of Words of Power {Will+
                  | Dex+3}
  6502 | D:5      | Noticed Edmund
  6513 | D:5      | Killed Edmund
  6514 | D:5      | Reached XP level 8. HP: 54/74 MP: 7/7
  6745 | D:5      | Noticed a troll
  6762 | D:4      | Slain by a troll

Illustrated notes

Levels and vault maps discovered:
D:1:      lightli_arrival_chessboard, layout_basic,
          chequers_ecumenical_altar_grove, lemuel_flame_loot_1
D:2:      layout_loops_corners, basic_altar, serial_shops, shop,
          nicolae_shop_waterfront
D:3:      layout_loops_ring, nicolae_ashenzari_panopticon,
          mainiacjoe_overflow_tiny_flanked, uniq_sigmund
D:4:      layout_layer_cave, makhleb_blood_cavern_becter,
          trog_three_pillars_becter, lemuel_zombie_altar_kikubaaqudgha,
          chequers_serial_rivers_room_b, uniq_natasha, uniq_blork_the_orc
D:5:      layout_gridville, uniq_edmund, uniq_pikel

Skill      XL: |  1  2  3  4  5  6 |
---------------+-------------------+-----
Fighting       | 4 5 7 8 11 | 11.9
Axes           | |  2.4
Armour         | |  3.6
Shields        | |  3.6

Action                   |  1- 3 |  4- 6 |  7- 9 || total
-------------------------+-------+-------+-------++-------
Melee: War axe           |   112 |    96 |       ||   208
       Headbutt          |    11 |    18 |     4 ||    33
       Whip              |       |       |    20 ||    20
  Use: Potion            |     1 |     5 |     1 ||     7
       Scroll            |       |     4 |     1 ||     5
Armor: Scale mail        |    55 |    46 |    10 ||   111
Dodge: Dodged            |    58 |    41 |     9 ||   108
Block: Buckler           |    24 |    20 |     4 ||    48

Table legend: (Time is in decaauts)
 A = Elapsed time spent in this place.
 B = Non-inter-level travel time spent in this place.
 C = Inter-level travel time spent in this place.
 D = Time resting spent in this place.
 E = Time spent auto-exploring this place.
 F = Levels seen in this place.
 G = Mean time per level.
                   A        B        C        D        E       F      G
               +--------+--------+--------+--------+--------+-----+--------+
         Total |   6853 |   6716 |    137 |   1020 |   4991 |   5 | 1370.6 |
       Dungeon |   6853 |   6716 |    137 |   1020 |   4991 |   5 | 1370.6 |
               +--------+--------+--------+--------+--------+-----+--------+

Top non-repeatable levels by time:
     D:4: 2332 daAuts
     D:1: 1498 daAuts
     D:3: 1186 daAuts
     D:2: 1183 daAuts
     D:5: 653 daAuts
